 Dungeon Crawl Stone Soup version 0.29-a0-320-g9f8742066b (webtiles) character file.

Game seed: 17308843680414576839

2877 wakim the Zephyrmancer (level 9, -18/55 (57) HPs)
             Began as a Tengu Air Elementalist on Apr 2, 2022.
             Hit by a large rock thrown by a cyclops (27 damage)
             ... on level 7 of the Dungeon.
             The game lasted 00:24:50 (9499 turns).

wakim the Zephyrmancer (Tengu Air Elementalist)     Turns: 9499, Time: 00:24:51

HP:   -18/55 (57)   AC:  5    Str: 10    XL:     9   Next: 76%
MP:   3/16          EV: 14    Int: 19    God:
Gold: 408           SH:  0    Dex: 14    Spells: 5/16 levels left

rFire   + . .      SeeInvis .   b - +1 dagger (venom)
rCold   + + .      Faith    .   (no shield)
rNeg    . . .      Spirit   .   H - +0 steam dragon scales
rPois   .          Reflect  .   (helmet restricted)
rElec   .          Harm     .   O - scarf {rC+ rF+}
rCorr   .          Rampage  .   (no gloves)
Will    .....                   (boots unavailable)
Stlth   ++........              (no amulet)
HPRegen 0.18/turn               S - ring of protection from cold
MPRegen 0.15/turn               (no ring)

@: flying quickly and evasively, studying Air Magic, lightly drained, quick
A: beak, talons 3, nimble flight
a: no special abilities


You were on level 7 of the Dungeon.
You visited 1 branch of the dungeon, and saw 7 of its levels.

You collected 408 gold pieces.

Inventory:

Hand Weapons
 a - a +1 dagger of freezing
 b - a +1 dagger of venom (weapon)
Missiles
 U - 2 throwing nets {=f!f}
Armour
 H - +0 steam dragon scales (worn)
 O - a scarf of resistance (worn)
Magical Staves
 W - a staff of poison
Jewellery
 S - a ring of protection from cold (left hand)
Wands
 u - a wand of mindburst (8)
 v - a wand of flame (30)
 x - a wand of iceblast (6)
 y - a wand of paralysis (4)
 z - a wand of polymorph (14)
Scrolls
 P - a scroll of enchant armour
 Q - a scroll of amnesia
 R - a scroll of magic mapping {!r}
 T - 3 scrolls of teleportation
 X - 2 scrolls of enchant weapon {unknown}
Potions
 B - 3 potions of attraction {!q}
 F - 3 potions of curing
 I - a potion of invisibility
 J - a potion of heal wounds
 K - a potion of magic
 L - 3 potions of lignification {!q}
 M - a potion of mutation {!q}
 N - 2 potions of might
 V - a potion of berserk rage {unknown}
 Y - a potion of flight {unknown}
 Z - a potion of brilliance {unknown}


   Skills:
 * Level 7.1 Fighting
 - Level 2.1 Dodging
 - Level 2.0 Stealth
 - Level 4.0 Spellcasting
 + Level 7.0 Conjurations
 + Level 3.9 Fire Magic
 + Level 11.9 Air Magic


You had 5 spell levels left.
You knew the following spells:

 Your Spells              Type           Power      Damage    Failure   Level
a - Shock                 Conj/Air       100%       1d9       1%          1
b - Airstrike             Air            24%        N/A       1%          4
c - Flame Wave            Conj/Fire      24%        2d7       14%         4
d - Static Discharge      Conj/Air       39%        N/A       1%          2

Your spell library contained the following spells:

 Spells                   Type           Power      Damage    Failure   Level
 Foxfire                  Conj/Fire      96%        2x1d8     1%          1
 Swiftness                Air            49%        N/A       1%          3
 Conjure Flame            Conj/Fire      24%        6-21      4%          3
 Inner Flame              Hex/Fire       11%        N/A       19%         3
 Gell's Gravitas          Tloc           3%         N/A       38%         3
 Lesser Beckoning         Tloc           3%         N/A       38%         3
 Summon Guardian Golem    Hex/Summ       3%         N/A       38%         3
 Teleport Other           Tloc           3%         N/A       38%         3
 Leda's Liquefaction      Hex/Erth       1%         N/A       80%         4
 Lee's Rapid Deconstruct  Erth           1%         3d5*      98%         5
 Statue Form              Tmut/Erth      2%         N/A       100%        6
 Orb of Destruction       Conj           15%        9d7       100%        7
 Spellforged Servitor     Conj/Summ      8%         N/A       100%        7


Dungeon Overview and Level Annotations

Branches:
Dungeon (7/15)             Temple (0/1) D:7

Altars:
Ashenzari
Dithmenos
Elyvilon
Fedhas
Gozag
Yredelemnul

Shops:
D:6 !*


Innate Abilities, Weirdness & Mutations

You have a beak for a mouth.
You have claws for feet.
Your magical nature lets you fly swiftly and evasively.


Message History

Casting: Flame Wave (quite dangerous; 16% risk of failure)
Confirm with . or Enter, or press ? or * to list all spells.
The spell is quite dangerous to miscast (16% risk of failure)!
Continue anyway?
Casting: Flame Wave (quite dangerous; 16% risk of failure)
Press: ? - help, Dir - look around, f - activate A wave of flame ripples out!
The flame wave engulfs something! (Press . to intensify the flame waves.)
Something hits you but does no damage.
A wave of flame ripples out!
The flame wave engulfs something!
Reactivating autopickup.
You feel a bit more experienced.
The flame wave engulfs the wyvern.
The wyvern is severely wounded.
Your Fighting skill increases to level 7! 49/57 (+1)
A wave of flame ripples out!
The flame wave engulfs the wyvern but does no damage.
The wyvern is severely wounded.
You finish channelling waves of flame.
The wyvern bites you! x2
* * * LOW HITPOINT WARNING * * *
19/57 (-30)
Casting: Flame Wave (dangerous; 16% risk of failure)
Confirm with . or Enter, or press ? or * to list all spells.
The wyvern is struck by an arc of lightning.
The wyvern is almost dead.
You are struck by an arc of lightning.
* * * LOW HITPOINT WARNING * * *
The wyvern is struck by an arc of lightning.
You kill the wyvern!
The lightning grounds out.
Your Conjurations skill increases to level 7! 16/57 (-3)
A necrophage comes into view.
The cyclops throws a large rock.
The large rock closely misses you. The necrophage closely misses you.
The necrophage hits you.
* * * LOW HITPOINT WARNING * * *
You feel drained.
* * * LOW HITPOINT WARNING * * *
The cyclops throws a large rock.
The large rock hits you!!
You die...

# ##.##..#........#
#.###o#........#
#.###.#........#
#.#............#
#....###.#####
#..C..##.# #...#.##.#
#.n.#..#.# #..@##.#.#
#...##...#
.......##..#
+........##..########
#........###>........
#........# ##########
#.....:..# #........#


You could see a cyclops, a necrophage and an orc.

Vanquished Creatures
  Pikel (D:4)
  Maggie (D:6)
  Sigmund (D:4)
  A wyvern (D:7)
  Eustachio (D:6)
  4 water moccasins
  A sky beast (D:7)
  A phantom (D:4)
  2 lemures (D:4)
  2 kobold brigands
  3 scorpions
  2 jellies
  8 hounds
  An orc priest (D:7)
  Crazy Yiuf (D:6)
  Terence (D:3)
  4 iguanas
  4 orc wizards
  11 adders
  A shadow imp (D:6)
  A white imp (D:6)
  An ufetubus (D:6)
  A worm (D:4)
  2 dart slugs
  22 orcs
  7 endoplasms
  6 giant cockroaches
  7 goblins
  9 hobgoblins
  2 quokkas
  4 ball pythons
  5 bats
  7 frilled lizards
  15 kobolds
  5 rats
  2 bushes (D:6)
147 creatures vanquished.

Vanquished Creatures (others)
  10 plants (D:6)
10 creatures vanquished.

Grand Total: 157 creatures vanquished

Notes
Turn   | Place    | Note
-------+----------+-------------------------------------------
     0 | D:1      | wakim the Tengu Air Elementalist began the quest for the
                  | Orb.
     0 | D:1      | Reached XP level 1. HP: 10/10 MP: 4/4
   193 | D:1      | Found a faded altar of an unknown god.
   491 | D:1      | Reached XP level 2. HP: 16/16 MP: 1/6
  1597 | D:1      | Reached skill level 1 in Fighting
  1597 | D:1      | Reached XP level 3. HP: 18/20 MP: 1/7
  1600 | D:1      | Learned a level 2 spell: Static Discharge
  2375 | D:2      | Reached skill level 5 in Air Magic
  2375 | D:2      | Reached XP level 4. HP: 13/25 MP: 2/8
  2744 | D:3      | Noticed Terence
  2768 | D:3      | Killed Terence
  3314 | D:3      | Gained mutation: Your magical nature lets you fly swiftly
                  | and evasively. [Tengu growth]
  3314 | D:3      | Reached XP level 5. HP: 27/30 MP: 2/9
  4020 | D:4      | Noticed Sigmund
  4031 | D:4      | Noticed a phantom
  4069 | D:4      | Learned a level 4 spell: Airstrike
  4096 | D:4      | Killed a phantom
  4097 | D:4      | Reached skill level 6 in Air Magic
  4097 | D:4      | Reached XP level 6. HP: 35/35 MP: 1/10
  4275 | D:4      | Reached skill level 5 in Conjurations
  4981 | D:4      | Reached skill level 7 in Air Magic
  5015 | D:4      | Reached XP level 7. HP: 8/40 MP: 3/12
  5378 | D:4      | Learned a level 4 spell: Flame Wave
  5389 | D:4      | Killed Sigmund
  5753 | D:4      | Noticed Pikel
  5762 | D:4      | Killed Pikel
  5763 | D:4      | Reached skill level 9 in Air Magic
  5763 | D:4      | Reached XP level 8. HP: 48/48 MP: 0/15
  6005 | D:5      | Entered Level 5 of the Dungeon
  6124 | D:5      | Found a broken altar of Ashenzari.
  6686 | D:5      | Found a blossoming altar of Fedhas.
  7048 | D:4      | Reached skill level 10 in Air Magic
  7168 | D:4      | Reached skill level 5 in Fighting
  7168 | D:4      | Reached skill level 1 in Fire Magic
  7481 | D:6      | Noticed Maggie
  7505 | D:6      | Killed Maggie
  7506 | D:6      | Reached XP level 9. HP: 37/55 MP: 0/16
  7788 | D:6      | Found Gozag's Platinum Reserve.
  7790 | D:6      | Found an opulent altar of Gozag.
  7832 | D:6      | Reached skill level 11 in Air Magic
  8012 | D:6      | Found Omeam's Distillery.
  8041 | D:6      | Found a white marble altar of Elyvilon.
  8044 | D:6      | Found a basalt altar of Yredelemnul.
  8047 | D:6      | Found a shadowy altar of Dithmenos.
  8191 | D:6      | Noticed Eustachio
  8209 | D:6      | Killed Eustachio
  8474 | D:6      | Found a runed translucent door.
  8475 | D:6      | Noticed Crazy Yiuf
  8496 | D:6      | Killed Crazy Yiuf
  9408 | D:7      | Noticed a cyclops
  9476 | D:7      | Found a staircase to the Ecumenical Temple.
  9499 | D:7      | Hit by a large rock thrown by a cyclops

Illustrated notes

Levels and vault maps discovered:
D:1:      mainiacjoe_arrival_reflecting_pool, layout_basic,
          shapermc_ecumenical_altar_ellora, minmay_pentomino_w2
D:2:      layout_basic
D:3:      layout_loops_ring, uniq_terence
D:4:      layout_gridville, minmay_manual_mullet, uniq_sigmund, uniq_pikel
D:5:      layout_cave_pods, chequers_temple_overflow_statue_of_worship,
          feat_on_display
D:6:      layout_loops_ring, nicolae_gozag_zags_fifth_avenue,
          grunt_temple_overflow_diamond, serial_shops, shop,
          lexackson_kobold_supper, uniq_crazy_yiuf_cottage, uniq_maggie,
          uniq_eustachio
D:7:      layout_basic, minmay_temple_entry_grid

Skill      XL: |  1  2  3  4  5  6  7  8  9 |
---------------+----------------------------+-----
Conjurations   | 2 3 4 5 7 |  7.0
Fighting       | 1 2 4 5 7 |  7.1
Air Magic      | 5 6 7 9 10 11 | 11.9
Spellcasting   | 4 |  4.0
Fire Magic     | 2 3 |  3.9
Dodging        | |  2.1
Stealth        | |  2.0

Action                   |  1- 3 |  4- 6 |  7- 9 || total
-------------------------+-------+-------+-------++-------
Melee: Short sword       |     8 |       |       ||     8
       Peck              |     4 |     1 |     7 ||    12
       Kick              |     2 |     4 |     8 ||    14
       Dagger            |     6 |     9 |    34 ||    49
       Punch             |       |     1 |     1 ||     2
 Cast: Shock             |    63 |    53 |    22 ||   138
       Static Discharge  |     6 |    24 |    64 ||    94
       Airstrike         |       |     6 |    17 ||    23
       Flame Wave        |       |       |     3 ||     3
  Use: Scroll            |       |    10 |     5 ||    15
 Stab: Sleeping          |       |     3 |     2 ||     5
Armor: Robe              |     8 |     1 |     3 ||    12
       Steam dragon scal |       |       |    15 ||    15
Dodge: Dodged            |    21 |    21 |    47 ||    89

Table legend: (Time is in decaauts)
 A = Elapsed time spent in this place.
 B = Non-inter-level travel time spent in this place.
 C = Inter-level travel time spent in this place.
 D = Time resting spent in this place.
 E = Time spent auto-exploring this place.
 F = Levels seen in this place.
 G = Mean time per level.
                   A        B        C        D        E       F      G
               +--------+--------+--------+--------+--------+-----+--------+
         Total |   9184 |   8832 |    352 |    800 |   6770 |   7 | 1312.0 |
       Dungeon |   9184 |   8832 |    352 |    800 |   6770 |   7 | 1312.0 |
               +--------+--------+--------+--------+--------+-----+--------+

Top non-repeatable levels by time:
     D:4: 2219 daAuts
     D:1: 1455 daAuts
     D:6: 1435 daAuts
     D:3: 1278 daAuts
     D:2: 1233 daAuts
     D:5: 950 daAuts
     D:7: 612 daAuts
